 Dungeon Sprint DCSS version 0.23-a0-445-g768d57b (webtiles) character file.

39 rednecknazgul the Slasher (level 3, -1/20 HPs)
             Began as a Vine Stalker Gladiator on Nov 18, 2018.
             Slain by an adder (2 damage)
             ... in the Dungeon (Sprint IX: "|||||||||||||||||||||||||||||").
             The game lasted 00:00:19 (83 turns).

rednecknazgul the Slasher (Vine Stalker Gladiator)    Turns: 83, Time: 00:00:20

Health: -1/20      AC:  4    Str: 17    XL:     3   Next: 45%
Magic:  0/4        EV: 13    Int:  8    God:
Gold:   0          SH:  0    Dex: 15    Spells: 2/2 levels left

rFire    . . .     SeeInvis .   a - +0 long sword
rCold    . . .     Gourm    .   (no shield)
rNeg     . . .     Faith    .   b - +0 leather armour
rPois    .         Spirit   +   c - +0 helmet
rElec    .         Reflect  .   (no cloak)
rCorr    .         Harm     .   (no gloves)
MR       .....     NoTele   +   (no boots)
Stlth    +.........             (no amulet)
HPRegen  0.06/turn              (no ring)
MPRegen  0.09/turn              (no ring)

@: no status effects
A: fangs 2, magic shield, antimagic bite, no potion heal 3, rot immunity
a: no special abilities


You were in the Dungeon.
You were not hungry.

You visited 1 branch

Inventory:

Hand Weapons
 a - a +0 long sword (weapon)
Armour
 b - a +0 leather armour (worn)
 c - a +0 helmet (worn)
Scrolls
 k - a scroll of blinking
Potions
 e - a potion of curing
 g - a potion of heal wounds
 h - a potion of haste
 i - 2 potions of magic
 j - a potion of berserk rage
Comestibles
 f - a ration


   Skills:
 + Level 3.1 Fighting
 * Level 4.6 Long Blades
 - Level 1.7 Throwing
 + Level 2.1 Armour
 + Level 3.4 Dodging


You had 2 spell levels left.
You didn't know any spells.
Your spell library was empty.

Dungeon Overview and Level Annotations

Branches:
Dungeon (1/1)

Altars:


Innate Abilities, Weirdness & Mutations

You have extremely sharp teeth.
When hurt, damage is shared between your health and your magic reserves.
Your bite disrupts and absorbs the magic of your enemies.
Potions cannot restore your health.
You are immune to rotting.


Message History

You hit the iguana but do no damage. You bite the iguana, but do no damage.
The iguana is severely wounded.
The iguana bites you.
* * * LOW HITPOINT WARNING * * *
You slash the iguana!
You kill the iguana!
Your Fighting skill increases to level 3!
Your Long Blades skill increases to level 4!
Your Armour skill increases to level 2!
You have reached level 3!
Your experience leads to an increase in your attributes!
Increase (S)trength, (I)ntelligence, or (D)exterity?
You feel stronger.
Throwing (i - inventory)
d - a throwing net (quivered)
Press: ? - help, Shift-Dir - straight line, f - adder
Aim: an adder You throw a throwing net.
The throwing net misses the adder.
The throwing net barely misses the leopard gecko.
The adder bites you but does no damage. The adder bites you.
You die... ▓▓▓▓▓▓▓▓▓▓▓▓▓▓▓▓▓▓ ▓<...††...@Sl...(+ ▓▓▓▓▓▓▓▓▓▓▓▓▓▓▓▓▓▓

You could see an adder and a leopard gecko.

Vanquished Creatures
  An iguana (D)
  A shadow imp (D)
  2 bats (D)
  A bat skeleton (D)
  A giant cockroach (D)
  2 rats (D)
8 creatures vanquished.

Notes
Turn   | Place    | Note
-------+----------+-------------------------------------------
     0 | D        | rednecknazgul the Vine Stalker Gladiator began the quest
                  | for the Orb.
     0 | D        | Reached XP level 1. HP: 11/11 MP: 2/2
     7 | D        | Reached skill level 3 in Long Blades
    14 | D        | Reached skill level 1 in Armour
    65 | D        | Noticed an iguana
    73 | D        | Reached XP level 2. HP: 10/16 MP: 3/3
    82 | D        | Reached skill level 4 in Long Blades
    82 | D        | Reached XP level 3. HP: 1/20 MP: 1/4
    83 | D        | Slain by an adder

Vault maps used:
D:        linesprint

Skill      XL: |  1  2 |
---------------+-------+-----
Fighting       | 2 3 |  3.1
Long Blades    | 3 4 |  4.6
Armour         | 1 2 |  2.1
Dodging        | 3 |  3.4
Throwing       | |  1.7

Action                   || total
-------------------------++-------
Melee: Long sword        ||    25
       Bite              ||    13
Throw: Throwing net      ||     3
Armor: Leather armour    ||    13
Dodge: Dodged            ||    13
       Rpst.: Long sword ||     2

Table legend:
 A = Non-vault XP
 B = Vault XP
 C = Vault XP percentage of total XP
 D = Non-vault monster count
 E = Vault monster count
 F = Vault count percentage of total count
                 A         B        C        D         E       F
            +---------+---------+-------+---------+---------+-------
      Total |       0 |      56 | 100.0 |       0 |       8 | 100.0
            +---------+---------+-------+---------+---------+-------
          D |       0 |      56 | 100.0 |       0 |       8 | 100.0
            +---------+---------+-------+---------+---------+-------
